Map: [TLMC21] Tourmaline

Players

Geralt (Gerald) - Winner!

  • Race: Protoss Protoss
  • League: Grandmaster
  • Spawn Location: 7:00

Krystianer

  • Race: Protoss Protoss
  • League: Grandmaster
  • Spawn Location: 1:00

VOD

Have the link to the VOD?

Description

Time

  • Played on: Oct. 12, 2025, 2:01 p.m.
  • Length: 15:47
Show
View Real Time Build Order
Export as new Build Order

Geralt Protoss - Winner!

Build Orders: Blink Stalkers 

Get SALT Encoding   

  12  0:00  Probe  
  13  0:12  Probe  
  14  0:17  Pylon  
  14  0:22  Probe  
  15  0:32  Probe  
  15  0:35  Gateway  
  15  0:40  Probe  
  16  0:45  Assimilator  
  17  0:52  Probe  
  17  0:54  Assimilator  
  18  1:00  Probe  
  18  1:07  Gateway  
  18  1:08  Probe  
  20  1:19  Probe  
  20  1:23  Pylon  
  21  1:27  Cybernetics Core  
  21  1:31  Probe  
  22  1:36  Pylon  
  22  1:43  Probe  
  23  1:55  Probe  
  23  2:00  Stalker x2  
  24  2:03  Warp Gate  
  24  2:07  Probe  
  29  2:09  Pylon  
  29  2:19  Probe  
  29  2:21  Pylon  
  30  2:31  Probe  
  30  2:36  Stalker x2  
  36  2:58  Nexus  
  35  3:01  Probe  
  36  3:17  Twilight Council  
  36  3:18  Shield Battery, Probe  
  36  3:27  Pylon  
  36  3:28  Blink  
  36  3:30  Probe  
  37  3:42  Probe  
  38  3:51  Adept  
  38  3:53  Adept  
  38  3:54  Probe  
  43  4:03  Probe  
  43  4:04  Gateway  
  44  4:11  Probe  
  46  4:20  Stalker  
  46  4:21  Sentry  
  46  4:23  Probe  
  49  4:28  Probe  
  48  4:35  Probe, Shield Battery  
  49  4:40  Probe  
  50  4:50  Probe  
  47  4:52  Probe  
  47  4:54  Stalker x2  
  52  5:02  Probe  
  52  5:05  Probe  
  54  5:08  Pylon, Stalker  
  57  5:18  Stalker x2  
  62  5:24  Pylon  
  60  5:34  Nexus  
  60  5:37  Probe  
  60  5:39  Probe  
  62  5:49  Probe, Stalker  
  65  5:50  Stalker x2  
  65  5:52  Shield Battery  
  69  6:00  Gateway  
  69  6:01  Shield Battery  
  69  6:04  Shield Battery  
  69  6:09  Pylon  
  69  6:13  Zealot  
  69  6:14  Stalker x2  
  73  6:19  Probe  
  73  6:22  Shield Battery  
  73  6:23  Probe  
  74  6:32  Probe  
  74  6:35  Probe  
  74  6:36  Stalker  
  75  6:41  Stalker  
  75  6:45  Probe  
  76  6:47  Probe  
  76  6:48  Probe  
  76  6:49  Stalker  
  80  6:55  Stalker  
  80  6:57  Probe  
  80  6:59  Probe  
  80  7:00  Probe  
  85  7:03  Stalker  
  87  7:12  Stalker x2  
  87  7:13  Probe  
  90  7:18  Probe x2  
  90  7:20  Gateway  
  90  7:22  Forge  
  92  7:23  Gateway  
  92  7:24  Stalker  
  92  7:26  Probe, Assimilator  
  95  7:30  Probe  
  95  7:33  Probe  
  95  7:34  Stalker  
  95  7:35  Protoss Ground Weapons Level 1, Charge  
  97  7:38  Probe  
  97  7:42  Probe, Stalker  
  97  7:43  Pylon  
  101  7:45  Pylon  
  101  7:58  Robotics Facility  
  101  8:00  Gateway  
  101  8:01  Probe  
  102  8:06  Pylon  
  102  8:07  Gateway  
  100  8:13  Stalker x2  
  100  8:14  Stalker  
  105  8:26  Stalker x2  
  109  8:27  Probe  
  109  8:34  Nexus  
  110  8:36  Pylon  
  110  8:37  Probe  
  110  8:40  Zealot x4  
  119  8:42  Pylon  
  119  8:47  Gateway  
  119  8:50  Gateway  
  119  8:55  Warp Prism  
  115  8:58  Stalker x3  
  119  9:03  Probe  
  122  9:11  Probe  
  122  9:13  Probe  
  124  9:19  Probe  
  124  9:23  Probe, Shield Battery  
  126  9:25  Pylon  
  126  9:30  Observer, Protoss Ground Weapons Level 2, Zealot x7  
  140  9:37  Pylon  
  141  9:39  Pylon  
  141  9:40  Pylon  
  141  9:49  Photon Cannon  
  141  9:51  Pylon  
  141  9:55  Templar Archives  
  141  9:59  Zealot x2  
  145  10:00  Zealot x4  
  145  10:04  Assimilator  
  153  10:08  Observer  
  153  10:11  Zealot x3  
  153  10:12  Zealot  
  153  10:13  Probe x2  
  164  10:18  Pylon, Probe x2  
  158  10:33  High Templar x2, Zealot x3  
  158  10:34  Zealot x5  
  176  10:38  Shield Battery, Archon  
  176  10:39  Shield Battery  
  176  10:42  Pylon  
  176  10:47  Assimilator  
  174  10:58  High Templar x2  
  174  10:59  Zealot x3  
  174  11:02  Archon  
  174  11:03  Pylon  
  174  11:04  Pylon, Zealot x3  
  182  11:19  Zealot x5  
  180  11:29  Robotics Bay  
  176  11:34  Robotics Facility  
  176  11:36  Zealot  
  176  11:37  Zealot x4  
  185  11:40  Zealot x5  
  185  11:43  Immortal  
  179  11:53  Protoss Ground Weapons Level 3  
  143  11:57  Zealot x2  
  143  11:58  Zealot x3  
  133  12:04  High Templar x2  
  133  12:05  Zealot x2  
  133  12:06  Zealot  
  133  12:07  Probe  
  144  12:09  Photon Cannon  
  144  12:10  Shield Battery  
  144  12:14  Archon  
  144  12:15  Probe, Assimilator  
  144  12:17  Shield Battery  
  144  12:19  Shield Battery  
  144  12:21  Disruptor  
  145  12:26  Disruptor  
  145  12:27  Nexus  
  145  12:28  Pylon  
  149  12:31  Zealot x2  
  149  12:32  Zealot x4  
  165  12:38  Pylon  
  165  12:39  Probe x2  
  165  12:42  Probe  
  168  12:44  Assimilator  
  168  12:45  Probe  
  168  12:46  Pylon  
  168  12:50  Disruptor  
  169  12:54  Assimilator  
  173  13:00  Zealot x7  
  173  13:01  Disruptor, Zealot  
  193  13:16  Pylon, Nexus  
  193  13:17  Probe  
  194  13:26  Disruptor  
  196  13:28  Zealot x3  
  176  13:34  Zealot x6  
  176  13:39  Disruptor  
  154  13:50  Zealot x4  
  146  13:56  Zealot x3  
  146  14:01  Disruptor  
  148  14:03  Zealot x3  
  146  14:14  Zealot x4  
  146  14:15  Disruptor  
  150  14:22  Zealot  
  150  14:23  Zealot x2  
  132  14:27  Probe  
  113  14:35  Stalker x3  
  110  14:39  Probe x2  
  110  14:43  High Templar x7  
  110  14:45  Probe x2  
  127  14:48  Archon x3  
  128  14:54  Shield Battery  
  128  14:56  Disruptor  
  132  15:00  High Templar  
  132  15:01  Stalker  
  132  15:02  Stalker  
  132  15:04  Archon  
  132  15:05  Disruptor  
  142  15:10  Assimilator  
  142  15:19  Stalker  
  142  15:20  Stalker x4  
  150  15:33  Zealot x5  
Show
View Real Time Build Order
Export as new Build Order

Krystianer Protoss 

Build Orders: Oracle Opening, Blink Stalkers 

Get SALT Encoding   

  12  0:00  Probe  
  13  0:12  Probe  
  14  0:16  Pylon  
  14  0:22  Probe  
  15  0:30  Probe  
  16  0:37  Gateway  
  16  0:39  Probe  
  16  0:45  Assimilator  
  17  0:51  Probe  
  17  0:52  Assimilator  
  18  0:59  Probe  
  19  1:06  Gateway  
  19  1:07  Probe  
  19  1:17  Probe  
  20  1:23  Cybernetics Core  
  21  1:29  Probe  
  22  1:36  Pylon  
  22  1:41  Probe  
  23  1:54  Probe  
  23  1:56  Stalker x2  
  23  2:00  Warp Gate  
  28  2:13  Pylon  
  28  2:28  Stargate  
  28  2:44  Nexus  
  28  2:54  Shield Battery  
  28  2:56  Stalker  
  28  3:01  Oracle, Probe  
  33  3:14  Probe  
  34  3:23  Pylon  
  34  3:26  Probe  
  35  3:36  Twilight Council  
  35  3:38  Probe  
  36  3:47  Probe  
  36  3:52  Probe  
  36  3:53  Blink  
  37  3:57  Probe, Stalker  
  37  3:58  Stalker  
  37  4:01  Probe  
  43  4:09  Probe  
  45  4:11  Probe  
  46  4:21  Probe  
  46  4:23  Probe  
  48  4:31  Gateway  
  48  4:34  Probe  
  48  4:37  Shield Battery  
  49  4:38  Probe  
  50  4:47  Stalker  
  50  4:48  Stalker  
  50  4:49  Probe  
  50  4:52  Pylon, Probe  
  56  4:57  Assimilator  
  56  5:01  Probe  
  56  5:04  Probe  
  58  5:07  Pylon  
  58  5:11  Stalker x2  
  61  5:17  Probe  
  62  5:22  Gateway  
  62  5:25  Stalker  
  64  5:29  Probe  
  65  5:37  Stalker x2  
  69  5:43  Pylon  
  69  5:48  Probe  
  70  6:03  Stalker x3  
  76  6:07  Probe  
  76  6:08  Probe  
  76  6:11  Nexus  
  78  6:28  Stalker x4  
  86  6:36  Pylon  
  86  6:43  Probe x2  
  84  6:55  Probe x2, Stalker x3  
  84  6:56  Stalker  
  94  7:07  Probe x2  
  94  7:15  Probe x2  
  90  7:23  Probe x2  
  90  7:24  Stalker x4  
  90  7:28  Probe  
  101  7:35  Charge  
  99  7:45  Gateway  
  99  7:46  Gateway  
  99  7:48  Forge  
  99  7:51  Adept x2  
  103  7:57  Gateway  
  103  8:00  Gateway  
  103  8:10  Protoss Ground Weapons Level 1  
  99  8:13  Pylon  
  99  8:19  Zealot  
  101  8:22  Pylon  
  101  8:24  Nexus  
  101  8:25  Pylon  
  99  8:31  Zealot x3  
  105  8:40  Gateway  
  105  8:41  Zealot x2  
  105  8:42  Gateway, Zealot  
  105  8:45  Probe x2  
  109  8:58  Probe  
  109  9:01  Zealot  
  109  9:02  Zealot x6  
  124  9:08  Probe  
  123  9:10  Templar Archives  
  123  9:15  Probe  
  123  9:16  Probe  
  123  9:19  Pylon  
  123  9:20  Pylon  
  123  9:24  Shield Battery  
  123  9:33  Probe  
  123  9:34  Probe  
  123  9:36  Probe  
  123  9:37  Zealot x3  
  123  9:38  Zealot x4  
  140  9:41  Pylon  
  140  9:44  Probe  
  141  9:47  High Templar x2, Zealot  
  141  9:52  Shield Battery, Protoss Ground Weapons Level 2, Archon  
  146  9:59  Robotics Facility, High Templar x2  
  150  10:00  High Templar x2  
  150  10:03  Zealot x3  
  150  10:04  Archon x2  
  160  10:11  Zealot  
  162  10:15  Pylon  
  162  10:19  Zealot  
  159  10:32  Zealot x3  
  159  10:34  Zealot x4, Warp Prism  
  171  10:38  Pylon  
  171  10:40  Pylon  
  171  10:41  Pylon  
  171  10:52  Pylon  
  171  10:54  Pylon  
  169  10:58  Stalker, High Templar  
  169  10:59  High Templar, Zealot x7  
  189  11:05  Archon  
  189  11:14  Probe  
  189  11:16  Gateway  
  189  11:17  Gateway  
  184  11:25  Probe  
  173  11:26  Zealot x5  
  173  11:27  Zealot x3  
  173  11:31  Zealot x2  
  191  11:44  Warp Prism  
  173  11:50  Zealot x8  
  173  11:53  Zealot x2  
  151  12:00  Protoss Ground Weapons Level 3  
  135  12:02  Probe x2  
  135  12:05  Probe  
  138  12:12  High Templar x3  
  138  12:13  Assimilator, High Templar  
  138  12:14  Zealot x5  
  156  12:16  Assimilator, Zealot  
  156  12:17  Archon x2  
  156  12:20  Nexus  
  156  12:22  Zealot x2  
  162  12:30  Pylon  
  162  12:37  Zealot x5  
  162  12:43  Zealot x3  
  178  12:52  Zealot x4  
  186  12:59  High Templar x2  
  186  13:03  Archon  
  190  13:06  Zealot x5  
  192  13:16  Pylon  
  192  13:17  Pylon  
  192  13:19  Zealot x4  
  198  13:33  Zealot x8  
  158  13:42  Zealot x3  
  158  13:46  Zealot  
  156  13:55  Zealot x6  
  128  14:11  Zealot x6  
  128  14:15  Zealot x2  
  128  14:19  Zealot x3  
  128  14:23  Zealot x4  
  98  14:34  High Templar x6  
  100  14:44  Archon  
  100  14:45  Archon x2, High Templar x2  
  102  14:46  High Templar x2, Zealot x2  
  102  14:47  Immortal  
  102  14:51  Pylon  
  114  14:56  Archon x2  
  116  15:06  Zealot x8  
  132  15:16  Assimilator  
  132  15:18  Zealot x4  
  130  15:33  Zealot x8  
  130  15:39  Zealot x3  
  130  15:42  Zealot  
Tags
 
Add a new tag
Caveats
  • Supply blocks, unpowered buildings, or Contaminate may cause inaccurate times.
  • Supply counts are checked every 10 seconds.